 Dungeon Crawl Stone Soup version 0.18-a0-1639-g7533f42 (webtiles) character file.

470 dohliylev the Skirmisher (level 7, 0/76 HPs)
             Began as an Ogre Berserker on Mar 27, 2016.
             Was a Priest of Trog.
             Shot with an arrow by a centaur (15 damage)
             ... on level 5 of the Dungeon.
             The game lasted 00:18:27 (3049 turns).

dohliylev the Skirmisher (Ogre Berserker)           Turns: 3049, Time: 00:18:28

Health: 0/76       AC:  4    Str: 25    XL:     7   Next: 9%
Magic:  7/7        EV: 11    Int:  6    God:    Trog [***...]
Gold:   170        SH:  5    Dex:  9    Spells: 0 memorised, 6 levels left

rFire  . . .     SeeInvis +     u - +0 trident
rCold  . . .     Gourm    .     b - +0 animal skin
rNeg   . . .     Faith    .     (no shield)
rPois  .         Spirit   .     (helmet restricted)
rElec  .         Dismiss  .     C - +0 cloak
rCorr  .         Reflect  +     (gloves unavailable)
SustAt .         Harm     .     (boots unavailable)
MR     ++...                    g - +5 amulet of reflection
Stlth  +.........               L - ring of see invisible
                                (no ring)

@: regenerating, very resistant to hostile enchantments, very unstealthy
A: unfitting armour, tough skin 1
a: Berserk, Trog's Hand, Burn Spellbooks, Renounce Religion


You were on level 5 of the Dungeon.
You worshipped Trog.
Trog was most pleased with you.
You were not hungry.

You visited 1 branch of the dungeon, and saw 5 of its levels.

You collected 170 gold pieces.

Inventory:

Hand Weapons
 u - a +0 trident (weapon)
Armour
 b - a +0 animal skin (worn)
 C - a +0 cloak (worn)
Jewellery
 g - a +5 amulet of reflection (around neck)
 w - an uncursed amulet of rage
 K - an uncursed ring of ice
 L - a ring of see invisible (right hand)
Scrolls
 c - 2 scrolls of teleportation {unknown}
 f - a scroll of magic mapping {unknown}
 h - a scroll of enchant weapon {unknown}
 l - a scroll of enchant armour {unknown}
 s - 4 scrolls of remove curse {unknown}
 t - 2 scrolls of noise {unknown}
 y - a scroll of immolation {unknown}
 A - a scroll of fear {unknown}
 E - a scroll of recharging {unknown}
 F - 3 scrolls of identify {unknown}
Potions
 a - a potion of agility {unknown}
 d - 2 potions of haste {unknown}
 e - a potion of berserk rage {unknown}
 k - a potion of beneficial mutation {unknown}
 m - a potion of magic {unknown}
 n - 4 potions of curing {unknown}
 p - 3 potions of degeneration {unknown}
 q - 2 potions of brilliance {unknown}
 x - a potion of invisibility {unknown}
 z - a potion of lignification {unknown}
 G - a potion of might {unknown}
 H - a potion of flight {unknown}
 I - a potion of resistance {unknown}
Books
 r - a book of Cantrips

   Spells                             Type                      Level
   a - Corona                         Hexes                        1
   b - Animate Skeleton               Necromancy                   1
   c - Summon Small Mammal            Summoning                    1
   d - Apportation                    Translocation                1
   Trog disapproves of the use of such an item.
Miscellaneous
 J - a plain deck of wonders
Comestibles
 i - a meat ration
 j - a slice of pizza
 o - 2 fruits
 v - a beef jerky
 B - 2 bread rations
 D - 7 chunks of flesh


   Skills:
 + Level 6.7 Fighting
 + Level 4.8 Polearms
 + Level 4.8 Dodging
 - Level 0.3 Stealth


You had 6 spell levels left.
You didn't know any spells.

Dungeon Overview and Level Annotations

Branches:
Dungeon (5/15)             Temple (0/1) D:4

Altars:
Ashenzari
Gozag
Makhleb
Sif Muna
Xom
Yredelemnul

Shops:
D:4 !


Innate Abilities, Weirdness & Mutations

You are too large for most types of armour.
You have tough skin (AC +1).


Message History

A centaur comes into view.
You puncture the worker ant!
The worker ant is almost dead.
The centaur shouts!
The worker ant bites you but does no damage.
You hit the worker ant.
The worker ant is almost dead.
The centaur wields a shortbow.
The centaur shoots an arrow.
The arrow hits you! The worker ant bites you.
The centaur shoots an arrow.
The arrow hits you!
* * * LOW HITPOINT WARNING * * *
You hit the worker ant.
You kill the worker ant!
Trog accepts your kill.
The centaur shoots an arrow.
The arrow hits you.
* * * LOW HITPOINT WARNING * * *
You see here an arrow.
Your skin crawls.
You feel resistant to hostile enchantments.
You feel slightly more hungry.
The centaur shoots an arrow.
The arrow hits you!
You die...

.... .......####
..........# .........#
........#
######......#
............##########
.(...................#
......†(@...########.#
.......###### #.#
....... #####.#
...>... #.....#
###c.#. #.##### ....#.
#.#...# .#.. #.
#.#.#.# ... #. #.....#
## ###.#####<


You could see a centaur.

Vanquished Creatures
  An ice beast (D:5)
  A scorpion (D:5)
  A howler monkey (D:4)
  A giant frog skeleton (D:3)
  An iguana (D:4)
  3 worker ants
  2 gnolls (D:4)
  6 adders
  A worm (D:3)
  A dart slug (D:3)
  17 orcs
  A giant cockroach (D:2)
  8 goblins
  11 hobgoblins
  3 jackals (D:4)
  A ball python (D:1)
  7 bats
  2 giant newts
  6 kobolds
  4 rats
78 creatures vanquished.

Vanquished Creatures (others)
  A goblin (D:3)
1 creature vanquished.

Grand Total: 79 creatures vanquished

Notes
Turn   | Place    | Note
--------------------------------------------------------------
     0 | D:1      | dohliylev the Ogre Berserker began the quest for the Orb.
     0 | D:1      | Reached XP level 1. HP: 24/24 MP: 1/1
   383 | D:1      | Reached XP level 2. HP: 30/33 MP: 2/2
   900 | D:2      | Found a basalt altar of Yredelemnul.
   939 | D:2      | Reached XP level 3. HP: 36/40 MP: 3/3
  1163 | D:2      | Found a deep blue altar of Sif Muna.
  1295 | D:2      | Reached ** piety under Trog
  1489 | D:3      | Reached skill level 5 in Fighting
  1494 | D:3      | Reached XP level 4. HP: 50/50 MP: 4/4
  1575 | D:3      | Found a shattered altar of Ashenzari.
  1584 | D:3      | Found a shimmering altar of Xom.
  2015 | D:3      | Found a burning altar of Makhleb.
  2186 | D:3      | Reached XP level 5. HP: 36/57 MP: 5/5
  2269 | D:3      | Reached *** piety under Trog
  2452 | D:4      | Found Eqi Heyr's Distillery.
  2588 | D:4      | Found a staircase to the Ecumenical Temple.
  2667 | D:4      | Found an opulent altar of Gozag.
  2737 | D:4      | Reached skill level 6 in Fighting
  2737 | D:4      | Reached XP level 6. HP: 12/67 MP: 6/6
  2751 | D:4      | HP: 3/67 [poisoned by a worker ant]
  2757 | D:4      | HP: 3/67 [poisoned by a worker ant]
  2982 | D:5      | Entered Level 5 of the Dungeon
  3020 | D:5      | Noticed an ice beast
  3029 | D:5      | Killed an ice beast
  3029 | D:5      | Reached XP level 7. HP: 46/76 MP: 7/7
  3049 | D:5      | Shot with an arrow by a centaur

Vault maps used:
D:1:      evilmike_arrival_plus
D:2:      nicolae_overflow_crystal_walls, nrook_uturn, led_sif_pool
D:3:      amethyst_overflow_temple_binary, lemuel_doored_altar, first_bread
D:4:      lemuel_round_altar, temple_green, serial_shops, shop_fountains,
          amalloy_card_club
D:5:      serial_shops, shop, uniq_crazy_yiuf_cottage

Skill      XL: |  1  2  3  4  5 |
---------------+----------------+-----
Dodging        | 3 4 |  4.8
Fighting       | 5 6 |  6.7
Polearms       | 4 |  4.8
Stealth        | |  0.3

Action                   |  1- 3 |  4- 6 |  7- 9 || total
-------------------------+-------+-------+-------++-------
Melee: Spear             |    87 |     2 |       ||    89
       Trident           |       |   144 |     9 ||   153
Invok: Berserk           |     3 |     3 |       ||     6
       Trog's Hand       |       |     3 |     1 ||     4
 Stab: Sleeping          |       |     1 |       ||     1
  Eat: Bread ration      |     1 |       |       ||     1
       Chunk             |       |     9 |       ||     9
